 Dungeon Crawl Stone Soup version 0.28.0-53-g5a82cb258f (webtiles) character file.

Game seed: 15271063978737199559

600 Sin92 the Skirmisher (level 7, -5/55 HPs)
             Began as a Demonspawn Fighter on June 28, 2022.
             Frozen to death by Palms's ghost (7 damage)
             ... on level 4 of the Dungeon.
             The game lasted 00:05:06 (4208 turns).

Sin92 the Skirmisher (Demonspawn Fighter)           Turns: 4208, Time: 00:05:07

Health: -5/55      AC:  8    Str: 19    XL:     7   Next: 18%
Magic:  0/16       EV: 14    Int:  9    God:
Gold:   298        SH:  6    Dex: 12    Spells: 6/6 levels left

rFire   . . .      SeeInvis .   a - +0 war axe
rCold   . . .      Faith    .   c - +1 buckler
rNeg    + . .      Spirit   +   m - +3 leather armour of Morality {rPois rN+ MP+9}
rPois   +          Reflect  .   (no helmet)
rElec   .          Harm     .   (no cloak)
rCorr   .          Rampage  .   (no gloves)
Will    +....                   l - +1 pair of boots
Stlth   +.........              e - amulet of guardian spirit
HPRegen 0.18/turn               n - ring of willpower
MPRegen 0.15/turn               (no ring)

@: no status effects
A: hooves 1, repulsion field 2, powered by pain 1
a: no special abilities


You were on level 4 of the Dungeon.
You visited 1 branch of the dungeon, and saw 4 of its levels.
You also visited: Sewer.

You collected 298 gold pieces.

Inventory:

Hand Weapons
 a - a +0 war axe (weapon)
Armour
 b - a +0 scale mail
 c - a +1 buckler (worn)
 l - a +1 pair of boots (worn)
 m - the +3 leather armour of Morality (worn) {rPois rN+ MP+9}
   (You found it on level 3 of the Dungeon)

   rPois:     It protects you from poison.
   rN:        It protects you from negative energy.
   MP:        It affects your magic capacity (+9).
Jewellery
 e - an amulet of guardian spirit (around neck)
 k - a ring of wizardry
 n - a ring of willpower (left hand)
Scrolls
 h - 2 scrolls of enchant armour
 i - 6 scrolls of identify
 p - 3 scrolls of magic mapping
 q - 2 scrolls of teleportation
 r - a scroll of enchant weapon {unknown}
Potions
 d - 4 potions of might
 f - a potion of resistance {unknown}
 g - 2 potions of attraction
 j - a potion of lignification {unknown}
 o - 3 potions of flight


   Skills:
 + Level 4.4 Fighting
 * Level 4.4 Axes
 + Level 3.8 Armour
 + Level 2.4 Dodging
 + Level 3.9 Shields


You had 6 spell levels left.
You didn't know any spells.
Your spell library contained the following spells:

 Spells                   Type           Power      Damage    Failure   Level
 Tukima's Dance           Hex            0%         N/A       88%         3
 Passage of Golubria      Tloc           0%         N/A       99%         4
 Yara's Violent Unravell  Hex/Tmut       0%         3d3       100%        5


Dungeon Overview and Level Annotations

Branches:
Dungeon (4/15)              Sewer (visited)
 Temple: D:4-7

Altars:
The Shining One

Annotations:
D:4 1 runed translucent door, Palms's ghost, amateur DrIE


Innate Abilities, Weirdness & Mutations

You have large cloven feet.
You are surrounded by a moderate repulsion field. (EV +3)
You sometimes gain a little power by taking damage.


Message History

Palms's ghost freezes you.
You are frozen.
You barely miss Palms's ghost. You block Palms's ghost's attack.
You barely miss Palms's ghost. Palms's ghost hits you.
Palms's ghost freezes you.
You are frozen.
You miss Palms's ghost. Palms's ghost closely misses you.
You hit Palms's ghost but do no damage. Palms's ghost closely misses you.
You completely miss Palms's ghost. You block Palms's ghost's attack. x2
You slash Palms's ghost!
Palms's ghost is lightly damaged.
Palms's ghost hits you but does no damage.
You slash Palms's ghost!
Palms's ghost is moderately damaged.
Palms's ghost closely misses you.
You hit Palms's ghost.
Palms's ghost is heavily damaged.
Palms's ghost misses you.
You miss Palms's ghost.
Palms's ghost is heavily damaged.
Palms's ghost hits you but does no damage.
Palms's ghost freezes you.
You are frozen!
* * * LOW HITPOINT WARNING * * *
You barely miss Palms's ghost.
Palms's ghost is heavily damaged.
Palms's ghost freezes you.
You are frozen.
* * * LOW HITPOINT WARNING * * *
You hit Palms's ghost.
Palms's ghost is heavily damaged.
You block Palms's ghost's attack. Palms's ghost freezes you.
You are frozen!
* * * LOW HITPOINT WARNING * * *
You slash Palms's ghost!
Palms's ghost is almost destroyed.
Palms's ghost freezes you.
You are frozen!
You die...

####### ##...#.# ###
#......#####.## ###...#...##..#
##..#.......# ##.........# ###
#################.....#...###.#
..##.#≈≈≈≈≈≈≈≈≈#.....###..##..###
..#..+S≈≈≈$≈≈≈wW@.#.............#
..#..#rW≈≈≈≈≈≈≈#.#..)...........#
.....###########..))......#......
.......#..>.....###...#...#......
....##.##..(...####..##..#.......
............#....##.....##.......
#......##.###...##......##.......
.#.##............(......#........
...........#.###.###.##.....#..#.


You could see a worm and Palms's ghost.

Vanquished Creatures
  A bullfrog (D:4)
  A scorpion (D:3)
  A centaur skeleton (D:4)
  An orc priest (D:4)
  Natasha (thrice) (D:3)
  A killer bee zombie (D:4)
  3 gnolls (D:4)
  7 river rats
  7 adders
  7 worms
  4 dart slugs
  7 orcs (D:4)
  9 ball pythons
  5 endoplasms
  9 giant cockroaches
  5 goblins
  8 hobgoblins
  8 jackals
  8 kobolds
  6 quokkas
  16 bats
  8 frilled lizards
  10 rats
135 creatures vanquished.

Notes
Turn   | Place    | Note
-------+----------+-------------------------------------------
     0 | D:1      | Sin92 the Demonspawn Fighter began the quest for the Orb.
     0 | D:1      | Reached XP level 1. HP: 18/18 MP: 1/1
    46 | D:1      | Gained mutation: You are surrounded by a mild repulsion
                  | field. (EV +2) [demonic ancestry]
    46 | D:1      | Reached XP level 2. HP: 21/24 MP: 2/2
   756 | D:1      | Reached XP level 3. HP: 26/29 MP: 3/3
  1001 | D:2      | Reached skill level 1 in Dodging
  1349 | D:2      | Gained mutation: You sometimes gain a little power by
                  | taking damage. [demonic ancestry]
  1349 | D:2      | Reached XP level 4. HP: 34/35 MP: 4/4
  1660 | D:3      | Noticed Natasha
  1669 | D:3      | Killed Natasha
  1875 | D:3      | Noticed a scorpion
  1877 | D:3      | Killed a scorpion
  1878 | D:3      | Gained mutation: You have large cloven feet. [demonic
                  | ancestry]
  1878 | D:3      | Reached XP level 5. HP: 42/42 MP: 5/5
  1907 | D:3      | Noticed Natasha
  1922 | D:3      | Killed Natasha
  1963 | D:3      | Identified the +3 leather armour of Morality {rPois rN+
                  | MP+9}
  2020 | D:3      | Noticed Natasha
  2033 | D:3      | Killed Natasha
  2250 | D:3      | Found a faded altar of an unknown god.
  2507 | D:4      | Reached XP level 6. HP: 48/48 MP: 6/6
  2542 | D:4      | Found a glowing drain.
  2562 | Sewer    | Entered a sewer
  3489 | D:4      | Found a runed translucent door.
  3490 | D:4      | Noticed Palms's ghost (amateur DrIE)
  3517 | D:4      | Found a runed translucent door.
  3982 | D:4      | Gained mutation: You are surrounded by a moderate repulsion
                  | field. (EV +3) [demonic ancestry]
  3982 | D:4      | Reached XP level 7. HP: 54/55 MP: 7/7
  4207 | D:4      | HP: 2/55 [frozen (10)]
  4208 | D:4      | Frozen to death by Palms's ghost

Illustrated notes

Levels and vault maps discovered:
D:1:      erik_arrival_orb_chamber, layout_basic, fountainhead
D:2:      layout_loops_ring, basic_altar
D:3:      layout_basic, dreamdust_ecumenical_altar_angels_and_demons,
          uniq_natasha
D:4:      layout_cave_pools, gup_sewer_entry_bubbles, ebering_ghost_sewer_f

Skill      XL: |  1  2  3  4  5  6 |
---------------+-------------------+-----
Axes           | 2 3 4 |  4.4
Armour         | 3 |  3.8
Shields        | 3 |  3.9
Dodging        | 1 2 |  2.4
Fighting       | 4 |  4.4

Action                   |  1- 3 |  4- 6 |  7- 9 || total
-------------------------+-------+-------+-------++-------
Melee: War axe           |   130 |   320 |    37 ||   487
  Use: Scroll            |     3 |     4 |       ||     7
       Potion            |       |     1 |       ||     1
Armor: Scale mail        |    51 |    24 |       ||    75
       Leather armour    |       |   125 |     8 ||   133
Dodge: Dodged            |    79 |   221 |    19 ||   319
Block: Buckler           |    36 |   104 |     7 ||   147
